 Dungeon Crawl Stone Soup version 0.30-a0-1160-g6e42c06551 (webtiles) character file.

Game seed: 850631221907053611

22 lunkers the Gusty (level 3, -2/26 HPs)
             Began as a Meteoran Air Elementalist on Apr 25, 2023.
             Killed from afar by Natasha (7 damage)
             ... with a magic dart
             ... on level 2 of the Dungeon.
             The game lasted 00:01:03 (325 turns).

lunkers the Gusty (Meteoran Air Elementalist)        Turns: 325, Time: 00:01:03

Health: -2/26      AC:  6    Str:  9    XL:     3   Next: 23%
Magic:  3/8        EV: 19    Int: 18    God:
Gold:   0          SH:  0    Dex: 15    Spells: 7/8 levels left

rFire   + + .        f - melded +0 dagger (vamp)
rCold   + + .        (shield currently unavailable)
rNeg    + + +        a - melded +0 robe
rPois   ∞            (helmet currently unavailable)
rElec   +            (cloak currently unavailable)
rCorr   +            (gloves currently unavailable)
SInv    .            (boots currently unavailable)
Will    .....        (amulet currently unavailable)
Stlth   +            (ring currently unavailable)
HPRegen 0.24/turn    (ring currently unavailable)
MPRegen 0.11/turn

%: no passive effects
@: wisp-form, flying, glowing
A: insubstantial, flying, no casting, tiny, sense surroundings 1, otherworldly,
glowing, explore regen
a: no special abilities


You were on level 2 of the Dungeon.
You were an insubstantial wisp.
You visited 1 branch of the dungeon, and saw 2 of its levels.

Inventory:

Hand Weapons
 d - a +0 dagger
 f - a +0 vampiric dagger (melded)
Armour
 a - a +0 robe (melded)
Scrolls
 c - a scroll of teleportation {unknown}
 e - a scroll of noise {unknown}
 g - 3 scrolls of identify {unknown}
Potions
 b - a potion of magic


   Skills:
 - Level 2.4 Dodging
 - Level 1.4 Stealth
 + Level 3.1 Spellcasting
 + Level 1.9 Conjurations
 * Level 4.3 Air Magic


You had 7 spell levels left.
You knew the following spells:

 Your Spells              Type           Power      Damage    Failure   Level
a - Shock                 Conj/Air       56%        1d6       4%          1

Your spell library contained the following spells:

 Spells                   Type           Power      Damage    Failure   Level
 Static Discharge         Conj/Air       28%        2-4/arc   7%          2
 Swiftness                Air            18%        N/A       9%          3
 Summon Small Mammal      Summ           8%         N/A       16%         1
 Sublimation of Blood     Necr           2%         N/A       24%         2
 Wereblood                Tmut           2%         N/A       24%         2
 Airstrike                Air            9%         2d(2-18)  26%         4
 Call Canine Familiar     Summ           2%         N/A       43%         3
 Summon Guardian Golem    Hex/Summ       2%         N/A       43%         3
 Summon Hydra             Summ           1%         N/A       100%        7


Dungeon Overview and Level Annotations

Branches:
Dungeon (1/15) Zot: 875

Altars:

Annotations:
D:2 Natasha


Innate Abilities, Weirdness & Mutations

You are an insubstantial wisp.
Your tiny insubstantial body is highly resistant to most damage types.
You are flying.
Your equipment is entirely melded.
You are incapable of wielding weapons or throwing items.
You cannot cast spells.
You passively map a small area around you.
You are easily found by Zot.
You glow in the dark.
You regain HP and MP as you explore.


Message History

Confirm with . or Enter, or press ? or * to list all spells.
The zap hits Natasha.
Natasha is moderately wounded.
Natasha zaps a wand.
You turn into an insubstantial wisp.
Your +0 vampiric dagger melds into your body.
Your +0 robe melds into your body.
You feel the dreadful sensation subside.
Unknown command.
You barely miss Natasha.
Natasha is moderately wounded.
Natasha barely misses you.
You touch Natasha but do no damage.
Natasha is moderately wounded.
Natasha hisses.
Natasha barely misses you.
You closely miss Natasha.
Natasha is moderately wounded.
Natasha misses you.
Your magical contamination has completely faded away.
You completely miss Natasha.
Natasha is moderately wounded.
Natasha closely misses you.
You touch Natasha but do no damage.
Natasha is moderately wounded.
Natasha stares at you and mumbles some strange words.
The magic dart hits you!
* * * LOW HITPOINT WARNING * * *
You touch Natasha but do no damage.
Natasha is moderately wounded.
Natasha stares at you and mumbles some strange words.
The magic dart hits you.
* * * LOW HITPOINT WARNING * * *
You closely miss Natasha.
Natasha is moderately wounded.
Natasha stares at you and mumbles some strange words.
The magic dart hits you!
* * * LOW HITPOINT WARNING * * *
Natasha stares at you and mumbles some strange words.
The magic dart hits you!
You die...

,
############
#.....v.h..#
#.#######.##
#.# *.# #.#
*.# #)# .#
#.# *.# #.#
*.# #.# .#
#.# *


You could see Natasha.

Vanquished Creatures
  2 ball pythons (D:1)
  2 bats (D:1)
  An endoplasm (D:1)
  2 giant cockroaches (D:1)
  3 goblins
  3 hobgoblins (D:1)
  A quokka (D:1)
  A frilled lizard (D:1)
  2 kobolds (D:1)
  A rat (D:1)
18 creatures vanquished.

Notes
Turn   | Place    | Note
-------+----------+-------------------------------------------
     0 | D:1      | lunkers the Meteoran Air Elementalist began the quest for
                  | the Orb.
     0 | D:1      | Reached XP level 1. HP: 14/14 MP: 5/5
    32 | D:1      | Reached XP level 2. HP: 20/20 MP: 1/6
    58 | D:1      | Reached skill level 4 in Air Magic
   198 | D:1      | Reached XP level 3. HP: 22/26 MP: 2/8
   282 | D:1      | You fall into a shaft and drop 1 floor!
   312 | D:2      | Noticed Natasha
   325 | D:2      | Killed from afar by Natasha

Illustrated notes

Levels and vault maps discovered:
D:1:      minmay_arrival_four_loops, layout_basic, minmay_misc_feat_nine_boxes,
          minmay_pentomino_x4
D:2:      layout_basic, basic_altar, dreamdust_ecumenical_altar_statues,
          minmay_misc_feat_columns, uniq_natasha

Skill      XL: |  1  2 |
---------------+-------+-----
Air Magic      | 4 |  4.3
Spellcasting   | 3 |  3.1
Dodging        | |  2.4
Stealth        | |  1.4
Conjurations   | |  1.9

Action                     || total
---------------------------++-------
  Melee: Dagger            ||    15
         Unarmed           ||    20
   Cast: Shock             ||    36
 Armour: Robe              ||     9
  Dodge: Dodged            ||    27

Table legend: (Time is in decaauts)
 A = Elapsed time spent in this place.
 B = Non-inter-level travel time spent in this place.
 C = Inter-level travel time spent in this place.
 D = Time resting spent in this place.
 E = Time spent auto-exploring this place.
 F = Levels seen in this place.
 G = Mean time per level.
                   A        B        C        D        E       F      G
               +--------+--------+--------+--------+--------+-----+--------+
         Total |    323 |    323 |      0 |      0 |    197 |   2 |  161.5 |
       Dungeon |    323 |    323 |      0 |      0 |    197 |   2 |  161.5 |
               +--------+--------+--------+--------+--------+-----+--------+

Top non-repeatable levels by time:
     D:1: 281 daAuts
     D:2: 42 daAuts
